 Dungeon Crawl Stone Soup version 0.28.0-45-g0d030f2227 (webtiles) character file.

Game seed: 15077865339038400806

109 powzer the Ruffian (level 4, -13/44 HPs)
             Began as a Troll Monk on Apr 18, 2022.
             Mangled by an ogre
             ... wielding a +0 giant spiked club
              (18 damage)
             ... on level 3 of the Dungeon.
             The game lasted 00:19:35 (1457 turns).

powzer the Ruffian (Troll Monk)                     Turns: 1457, Time: 00:19:36

Health: -13/44     AC:  4    Str: 21    XL:     4   Next: 59%
Magic:  3/3        EV: 10    Int:  6    God:
Gold:   53         SH:  0    Dex: 12    Spells: 3/3 levels left

rFire   . . .      SeeInvis .     - Unarmed
rCold   . . .      Faith    .   (no shield)
rNeg    . . .      Spirit   .   b - +0 animal skin
rPois   .          Reflect  .   (helmet restricted)
rElec   .          Harm     .   (no cloak)
rCorr   .          Rampage  .   (gloves unavailable)
Will    .....                   (boots unavailable)
Stlth   ++........              (no amulet)
HPRegen 0.94/turn               e - ring of wizardry
MPRegen 0.08/turn               (no ring)

@: no status effects
A: large, unfitting armour, claws 3, regeneration 1, shaggy fur 1, tough skin 1
a: no special abilities


You were on level 3 of the Dungeon.
You visited 1 branch of the dungeon, and saw 3 of its levels.

You collected 53 gold pieces.

Inventory:

Missiles
 c - 62 arrows
 d - 8 poisoned darts (quivered)
 f - 23 stones
Armour
 b - a +0 animal skin (worn)
Jewellery
 e - a ring of wizardry (left claw)
Potions
 a - a potion of lignification {unknown}
 i - a potion of mutation {unknown}


   Skills:
 + Level 2.8 Fighting
 + Level 2.9 Dodging
 - Level 1.0 Stealth
 * Level 4.7 Unarmed Combat


You had 3 spell levels left.
You didn't know any spells.
Your spell library contained the following spells:

 Spells                   Type           Power      Damage    Failure   Level
 Call Canine Familiar     Summ           0%         N/A       50%         3
 Portal Projectile        Hex/Tloc       0%         N/A       50%         3
 Leda's Liquefaction      Hex/Erth       0%         N/A       86%         4


Dungeon Overview and Level Annotations

Branches:
Dungeon (3/15)

Altars:


Innate Abilities, Weirdness & Mutations

You are too large for most types of armour.
You have claws for hands.
Your natural rate of healing is unusually fast.
You are covered in fur. (AC +1)
You have tough skin. (AC +1)


Message History

The shaft crumbles and collapses.
Found 13 gold pieces.
Found a stone staircase leading up.
You now have 53 gold pieces (gained 13).
A ball python comes into view.
The ball python moves out of view.
The hobgoblin shouts!
The ball python hisses angrily.
You hear a shout!
The ball python barely misses you.
You scratch the ball python.
You kill the ball python!
You claw the hobgoblin!
You kill the hobgoblin!
An adder comes into view.
The adder hisses angrily.
You barely miss the adder. The adder closely misses you.
You claw the adder!
You kill the adder!
You see here an adder corpse.
An ogre comes into view. It is wielding a +0 giant spiked club.
You scratch the ogre.
The ogre is lightly wounded.
The ogre hits you with a +0 giant spiked club.
You scratch the ogre but do no damage.
The ogre is lightly wounded.
The ogre barely misses you.
You completely miss the ogre.
The ogre is lightly wounded.
You claw the ogre!
The ogre is moderately wounded.
The ogre hits you with a +0 giant spiked club!
You claw the ogre! Your claw misses the ogre.
The ogre is almost dead.
The ogre hits you with a +0 giant spiked club!!
* * * LOW HITPOINT WARNING * * *
The ogre hits you with a +0 giant spiked club!
* * * LOW HITPOINT WARNING * * *
You see here an adder corpse.
There is a stone staircase leading up here.
You can't go down here!
The ogre hits you with a +0 giant spiked club!!
You die...

#... ...
#..###....
#.........
#...##.... #...#
# #...# #..†#
######...####.##
........@.......
########O####.##
#.######†#
#.......#
##.###### #.##
#.# #. #


You could see an ogre.

Vanquished Creatures
  Robin (D:2)
  2 adders
  A worm (D:2)
  6 dart slugs
  4 ball pythons
  8 bats
  4 endoplasms
  3 giant cockroaches
  10 goblins
  7 hobgoblins
  4 jackals (D:1)
  3 kobolds
  A quokka (D:1)
  5 rats
59 creatures vanquished.

Notes
Turn   | Place    | Note
-------+----------+-------------------------------------------
     0 | D:1      | powzer the Troll Monk began the quest for the Orb.
     0 | D:1      | Reached XP level 1. HP: 22/22 MP: 0/0
   145 | D:1      | Reached XP level 2. HP: 28/29 MP: 1/1
   562 | D:1      | Reached XP level 3. HP: 36/36 MP: 2/2
   787 | D:2      | Reached skill level 4 in Unarmed Combat
  1038 | D:2      | Reached XP level 4. HP: 44/44 MP: 3/3
  1089 | D:2      | Noticed Robin
  1102 | D:2      | Killed Robin
  1412 | D:2      | You fall into a shaft and drop 1 floor!
  1442 | D:3      | Noticed an ogre
  1454 | D:3      | HP: 2/44 [ogre/+0 giant spiked club (15)]
  1457 | D:3      | Mangled by an ogre

Illustrated notes

Levels and vault maps discovered:
D:1:      wander_arrival_estate, layout_basic, chequers_avenue,
          wad_floor_pattern_2, minmay_tripent
D:2:      layout_loops_cross, uniq_robin
D:3:      layout_loops_ring, serial_shops, shop, kennysheep_generic_room_5,
          uniq_natasha, uniq_grinder

Skill      XL: |  1  2  3 |
---------------+----------+-----
Unarmed Combat | 4 |  4.7
Fighting       | |  2.8
Dodging        | |  2.9
Stealth        | |  1.0

Action                   |  1- 3 |  4- 6 || total
-------------------------+-------+-------++-------
Melee: Unarmed           |   116 |    45 ||   161
       Punch             |     1 |       ||     1
  Use: Scroll            |       |     2 ||     2
       Potion            |       |     1 ||     1
 Stab: Sleeping          |     2 |       ||     2
Armor: Robe              |    40 |     8 ||    48
       Animal skin       |       |     1 ||     1
Dodge: Dodged            |    61 |    15 ||    76
